Map: Cañón atribulado

Players

HRSixSIxSIx - Winner!

  • Race: Protoss Protoss
  • League: Silver
  • Spawn Location: 12:00

Francisco - Winner!

  • Race: Terran Terran
  • Spawn Location: 3:00

MrNilsson - Winner!

  • Race: Terran Terran
  • League: Silver
  • Spawn Location: 12:00

TATORREA

  • Race: Protoss Protoss
  • League: Gold
  • Spawn Location: 6:00

tigro

  • Race: Terran Terran
  • League: Bronze
  • Spawn Location: 7:00

MrFercho

  • Race: Zerg Zerg
  • League: Silver
  • Spawn Location: 6:00

VOD

Have the link to the VOD?

Description

Time

  • Played on: July 2, 2020, 10:35 p.m.
  • Length: 15:00
Show
View Real Time Build Order
Export as new Build Order

HRSixSIxSIx Protoss - Winner!

Build Orders:  

Get SALT Encoding   

  1  0:00  Probe  
  12  0:06  Probe  
  14  0:22  Pylon, Probe  
  15  0:40  Probe  
  16  0:48  Forge  
  16  0:52  Probe  
  16  0:55  Assimilator  
  17  0:58  Pylon  
  17  1:00  Probe  
  17  1:08  Probe  
  19  1:18  Probe  
  19  1:19  Gateway  
  20  1:31  Probe  
  21  1:41  Photon Cannon  
  21  1:43  Probe  
  22  1:55  Probe  
  23  2:02  Nexus  
  23  2:13  Photon Cannon  
  23  2:20  Probe  
  23  2:25  Cybernetics Core  
  23  2:28  Probe  
  24  2:32  Assimilator  
  25  2:38  Probe  
  26  2:54  Probe  
  27  3:03  Shield Battery  
  27  3:06  Probe  
  27  3:08  Protoss Shields Level 1, Stargate  
  28  3:15  Assimilator  
  28  3:16  Probe  
  28  3:18  Probe  
  28  3:19  Assimilator  
  30  3:21  Pylon  
  30  3:28  Probe  
  31  3:36  Probe  
  31  3:40  Probe  
  33  3:46  Protoss Air Weapons Level 1  
  33  3:48  Probe  
  33  3:49  Void Ray  
  33  3:53  Probe  
  35  4:00  Probe  
  40  4:07  Pylon  
  40  4:16  Probe  
  42  4:17  Probe  
  42  4:19  Photon Cannon  
  42  4:32  Void Ray  
  46  4:40  Pylon  
  46  4:42  Probe  
  46  4:43  Probe  
  48  4:54  Probe  
  48  4:56  Probe  
  50  5:06  Nexus  
  50  5:10  Assimilator  
  50  5:12  Probe  
  50  5:13  Probe  
  52  5:14  Assimilator  
  52  5:23  Void Ray  
  52  5:25  Probe  
  57  5:32  Probe  
  57  5:33  Stargate  
  58  5:40  Probe  
  59  5:44  Probe  
  60  6:02  Probe  
  61  6:06  Void Ray  
  65  6:15  Fleet Beacon  
  65  6:17  Pylon  
  65  6:19  Void Ray  
  65  6:20  Pylon  
  69  6:48  Void Ray  
  69  6:49  Unknown  
  69  7:02  Void Ray  
  73  7:17  Probe x2  
  73  7:18  Probe  
  76  7:29  Probe  
  78  7:30  Protoss Air Weapons Level 2, Probe  
  78  7:31  Void Ray  
  82  7:45  Void Ray  
  86  8:14  Void Ray  
  90  8:22  Stargate  
  90  8:28  Void Ray  
  94  8:57  Void Ray  
  98  9:03  Twilight Council  
  98  9:05  Probe x2  
  98  9:06  Pylon  
  100  9:10  Pylon  
  100  9:12  Pylon  
  100  9:13  Pylon  
  100  9:14  Void Ray  
  100  9:16  Pylon  
  100  9:19  Pylon  
  100  9:24  Void Ray  
  100  9:29  Nexus  
  108  9:31  Assimilator  
  108  9:35  Assimilator  
  108  9:38  Pylon  
  108  9:40  Void Ray  
  108  9:41  Pylon  
  108  9:43  Pylon  
  112  9:57  Void Ray  
  116  10:07  Void Ray  
  116  10:12  Stargate  
  120  10:14  Stargate  
  121  10:21  Probe x2  
  121  10:23  Void Ray  
  121  10:25  Photon Cannon  
  121  10:26  Photon Cannon  
  126  10:29  Photon Cannon  
  126  10:31  Photon Cannon  
  126  10:32  Shield Battery  
  126  10:35  Shield Battery  
  126  10:37  Shield Battery  
  126  10:40  Void Ray  
  126  10:41  Shield Battery  
  130  10:50  Void Ray  
  130  10:53  Probe x3  
  137  11:05  Void Ray, Probe  
  138  11:12  Void Ray x2  
  142  11:22  Void Ray  
  146  11:33  Void Ray  
  150  11:48  Void Ray  
  154  12:06  Void Ray x3  
  166  12:19  Void Ray  
  158  13:17  Void Ray x5  
  174  14:00  Void Ray x3  
Show
View Real Time Build Order
Export as new Build Order

Francisco Terran - Winner!

Build Orders:  

Get SALT Encoding   

  12  0:03  SCV  
  13  0:17  SCV  
  14  0:22  Supply Depot  
  14  0:30  SCV  
  15  0:43  SCV  
  15  0:45  Barracks  
  16  0:53  Refinery  
  16  0:55  SCV  
  17  1:08  SCV  
  18  1:20  SCV  
  19  1:32  SCV  
  20  1:36  Barracks Reactor  
  20  1:47  Command Center, Orbital Command  
  20  1:53  Refinery  
  20  2:13  Factory  
  20  2:16  Marine x2  
  20  2:20  SCV  
  23  2:34  Refinery  
  23  2:38  Supply Depot  
  23  2:42  Supply Depot  
  23  2:58  Marine x2  
  25  3:00  Supply Depot  
  25  3:01  Factory Tech Lab  
  25  3:04  Supply Depot  
  25  3:09  Starport  
  25  3:11  SCV  
  26  3:20  Siege Tank  
  26  3:25  SCV  
  31  3:31  Orbital Command  
  30  3:39  SCV  
  31  3:41  Marine  
  31  3:45  Engineering Bay  
  32  3:50  Medivac  
  34  4:01  Barracks  
  34  4:04  SCV  
  35  4:12  Supply Depot, Terran Infantry Weapons Level 1  
  35  4:16  SCV  
  36  4:32  Marine x2, SCV x2  
  40  4:44  SCV x2  
  42  4:47  Refinery  
  42  4:49  Barracks Tech Lab  
  42  4:50  Marine x2  
  44  4:55  Barracks  
  44  4:56  SCV x2  
  46  5:08  SCV x2  
  48  5:20  SCV x2  
  48  5:21  Stimpack  
  50  5:32  SCV x2  
  52  5:44  SCV x2  
  54  5:52  Marine x3  
  54  5:56  SCV  
  54  5:57  SCV  
  59  6:06  Terran Infantry Armor Level 1  
  59  6:09  Marine, SCV x2  
  62  6:20  Marine x2  
  62  6:21  SCV x2  
  63  6:27  Marine  
  64  6:33  SCV x2  
  64  6:38  Marine x2  
  68  6:45  Marine, SCV x2  
  71  6:56  Marine x2  
  71  6:57  SCV x2  
  71  7:00  Combat Shield  
  75  7:03  Marine  
  76  7:09  SCV x2  
  78  7:18  Marine x2  
  78  7:21  Marine, SCV x2  
  77  7:24  Supply Depot  
  77  7:27  Supply Depot x3  
  77  7:28  Supply Depot  
  77  7:33  SCV  
  78  7:41  Command Center  
  78  7:45  Marine, SCV x2  
  78  7:48  Supply Depot  
  78  7:49  Supply Depot  
  78  7:50  Supply Depot  
  81  7:51  Marine x2  
  81  7:53  Supply Depot x2  
  81  7:55  Barracks Reactor  
  81  7:57  SCV x2  
  85  8:00  Barracks  
  85  8:03  Command Center  
  85  8:09  Marine, SCV  
  85  8:10  SCV  
  90  8:14  Supply Depot  
  90  8:16  Supply Depot  
  90  8:19  Concussive Shells  
  90  8:21  SCV  
  90  8:22  SCV  
  90  8:27  Marine  
  90  8:30  Supply Depot  
  90  8:31  Siege Tank  
  90  8:32  Starport Reactor  
  90  8:34  SCV x2  
  96  8:39  Barracks Reactor  
  96  8:41  Marine x2  
  97  8:45  Marine  
  97  8:46  SCV x2  
  101  8:52  Supply Depot  
  101  8:53  SCV  
  102  8:58  SCV x2  
  104  9:03  Barracks Reactor, Marauder, Siege Tank  
  104  9:05  SCV  
  104  9:06  Marine x2  
  112  9:10  Hi-Sec Auto Tracking, SCV  
  112  9:15  Armory  
  112  9:17  Refinery  
  113  9:20  Engineering Bay  
  113  9:22  SCV x2  
  113  9:23  Orbital Command  
  113  9:24  Marine x2  
  116  9:25  Marauder  
  119  9:31  SCV, Refinery  
  119  9:34  SCV  
  121  9:41  Widow Mine  
  123  9:46  Marauder  
  125  10:02  Widow Mine  
  127  10:07  Neosteel Armor  
  127  10:08  Marauder, Command Center  
  127  10:09  Marine x6  
  135  10:14  Orbital Command  
  135  10:19  Missile Turret  
  135  10:22  Command Center  
  135  10:24  Missile Turret  
  135  10:26  Marine  
  135  10:27  Marine x3  
  139  10:28  Medivac  
  139  10:29  Marauder, Medivac  
  139  10:30  Marine  
  139  10:35  Marine  
  147  10:42  Missile Turret  
  147  10:43  Missile Turret  
  147  10:44  Marine  
  148  10:52  Marine  
  148  10:53  Marine x2  
  148  10:54  Siege Tank  
  155  10:57  SCV x2  
  155  10:58  Medivac x2  
  155  11:01  Factory  
  160  11:07  Marine x2, Refinery  
  160  11:08  Marine  
  163  11:12  Refinery  
  163  11:17  Terran Infantry Weapons Level 2  
  163  11:22  Terran Ship Weapons Level 1  
  163  11:26  Siege Tank  
  163  11:28  Medivac x2, Marine x3  
  163  11:29  Marine  
  163  11:30  Marauder  
  176  11:43  Marine x2  
  176  11:44  Factory  
  176  11:45  SCV x2  
  176  11:46  Marine x2  
  182  11:47  Terran Infantry Armor Level 2  
  182  11:50  Orbital Command  
  182  11:51  Marauder  
  182  11:52  Missile Turret  
  184  11:55  Missile Turret  
  184  11:58  Siege Tank  
  181  12:10  Marine  
  181  12:11  Marine x2  
  181  12:12  Marauder  
  181  12:15  Marine x3  
  177  12:17  Missile Turret  
  173  12:27  Factory Tech Lab  
  173  12:30  Siege Tank  
  173  12:34  Marauder  
  143  12:44  Marine  
  143  12:45  Marine x2  
  143  12:46  Marine x3  
  147  12:55  Marine  
  148  13:02  Marine x2, Siege Tank  
  148  13:03  Marine  
  148  13:04  Marine x3  
  157  13:07  Siege Tank  
  160  13:12  Marine  
  161  13:20  Marine x3  
  161  13:22  Marine x3  
  166  13:30  Marine  
  166  13:34  Siege Tank  
  166  13:38  Marine x3  
  166  13:40  Marine x3, Siege Tank  
  172  13:48  Marine  
  149  13:56  Marine x3  
  149  13:57  Marine  
  149  13:58  Marine x2  
  136  14:06  Marine, SCV x2  
  136  14:07  SCV, Siege Tank  
  143  14:12  Siege Tank  
  143  14:14  Marine x3  
  143  14:15  Marine x3  
  143  14:16  Barracks x2  
  152  14:24  Marine  
  153  14:31  Marine  
  153  14:32  Marine x2  
  153  14:33  Marine x3  
  159  14:41  Marine  
Show
View Real Time Build Order
Export as new Build Order

MrNilsson Terran - Winner!

Build Orders:  

Get SALT Encoding   

  12  0:02  SCV  
  13  0:18  SCV  
  14  0:28  Refinery  
  14  0:30  SCV  
  15  0:47  Supply Depot  
  15  1:09  SCV  
  16  1:17  Refinery  
  16  1:21  SCV  
  16  1:22  Barracks  
  17  1:33  SCV  
  18  2:07  Command Center  
  18  2:12  Marine  
  19  2:21  Engineering Bay  
  19  2:27  Orbital Command  
  19  2:30  Marine  
  20  2:48  Marine  
  21  2:53  SCV  
  22  3:02  Missile Turret  
  22  3:05  SCV  
  23  3:18  Marine  
  23  3:19  SCV  
  25  3:20  Supply Depot  
  25  3:21  Supply Depot  
  25  3:25  Supply Depot  
  26  3:31  SCV  
  26  3:34  Orbital Command  
  26  3:36  Marine  
  27  3:43  SCV  
  27  3:48  Factory  
  28  3:55  SCV  
  29  4:00  SCV  
  30  4:07  SCV  
  31  4:12  SCV  
  32  4:19  SCV  
  32  4:23  Missile Turret  
  33  4:27  SCV  
  34  4:31  SCV  
  34  4:34  Factory Tech Lab, Refinery  
  35  4:39  SCV  
  35  4:43  Missile Turret, SCV  
  35  4:44  Armory  
  37  4:51  SCV  
  38  4:55  SCV  
  39  5:03  SCV  
  39  5:05  Sensor Tower  
  40  5:07  SCV  
  41  5:15  SCV  
  41  5:20  SCV  
  43  5:24  Siege Tank  
  43  5:27  SCV  
  47  5:32  SCV  
  48  5:36  Starport  
  48  5:40  SCV  
  48  5:42  Starport  
  49  5:44  SCV  
  50  5:51  Starport x2  
  50  5:52  SCV  
  50  5:53  Sensor Tower  
  50  5:56  SCV  
  52  6:00  Starport  
  52  6:03  Terran Ship Weapons Level 1  
  52  6:08  Armory  
  52  6:20  Starport  
  52  6:26  Refinery  
  52  6:27  Sensor Tower, Command Center  
  52  6:28  SCV x2  
  54  6:40  SCV x2  
  54  6:45  Starport Reactor x4  
  54  6:46  Starport Reactor  
  56  6:52  SCV x2  
  58  6:57  Starport Reactor  
  58  7:04  SCV x2  
  60  7:16  SCV x2  
  62  7:34  Supply Depot  
  62  7:37  Supply Depot x2  
  62  7:38  Viking x5, SCV x2  
  62  7:39  Supply Depot  
  74  7:50  SCV x2  
  76  7:52  Refinery  
  76  7:55  Orbital Command  
  76  7:56  Refinery  
  76  8:02  SCV  
  76  8:03  SCV  
  78  8:22  Viking  
  78  8:23  Viking  
  78  8:24  Viking  
  78  8:25  Viking x2  
  78  8:26  Viking  
  90  8:27  Viking  
  90  8:28  Viking  
  90  8:29  Viking  
  90  8:30  Viking  
  98  8:34  Terran Vehicle And Ship Armor Level 1  
  98  8:59  Siege Tank  
  101  9:31  Siege Tank  
  104  9:40  SCV x3  
  104  9:43  Viking  
  109  10:02  Supply Depot  
  109  10:03  Supply Depot  
  109  10:04  Supply Depot  
  109  10:23  Viking x3, SCV x2  
  109  10:24  Viking x4  
  109  10:25  Viking x2, Siege Tank, SCV  
  109  10:26  Supply Depot  
  109  10:27  Supply Depot  
  133  10:47  SCV x3  
  136  10:59  SCV x2  
  136  11:00  SCV  
  139  11:05  Viking x5  
  149  11:27  Supply Depot  
  149  11:28  Supply Depot x2  
  149  11:49  Viking x7, Supply Depot, SCV x2  
  149  11:50  Viking x4, Supply Depot  
  149  11:51  Supply Depot  
  149  11:52  Supply Depot  
  173  11:56  Terran Vehicle And Ship Armor Level 2  
  173  12:00  Terran Ship Weapons Level 2  
  173  12:11  Viking, SCV  
  176  12:19  Viking x6  
  132  13:20  Viking x2  
  132  13:21  Viking x6  
  132  13:22  Viking x4  
  156  13:50  Viking x2  
  156  13:51  Viking x3  
Show
View Real Time Build Order
Export as new Build Order

TATORREA Protoss 

Build Orders:  

Get SALT Encoding   

  12  0:01  Probe  
  13  0:14  Probe  
  14  0:22  Pylon  
  14  0:26  Probe  
  15  0:40  Probe  
  16  0:44  Gateway  
  16  1:01  Probe  
  17  1:09  Pylon, Probe  
  17  1:13  Assimilator  
  17  1:17  Probe  
  19  1:36  Probe  
  20  1:41  Cybernetics Core  
  20  1:48  Probe  
  21  1:56  Nexus  
  21  2:01  Pylon  
  21  2:03  Probe  
  22  2:09  Assimilator  
  22  2:15  Probe  
  23  2:20  Warp Gate  
  23  2:27  Probe  
  24  2:39  Probe  
  25  2:46  Robotics Facility  
  25  2:50  Probe  
  25  2:51  Stalker  
  28  2:58  Probe  
  29  3:06  Probe  
  29  3:09  Probe  
  31  3:14  Probe  
  31  3:16  Pylon  
  31  3:17  Probe  
  32  3:21  Pylon  
  32  3:22  Stalker  
  32  3:23  Probe  
  32  3:26  Probe  
  35  3:33  Probe  
  37  3:40  Probe  
  39  3:46  Probe  
  40  3:53  Sentry, Probe  
  43  4:02  Nexus  
  43  4:05  Pylon  
  43  4:06  Probe  
  43  4:07  Probe  
  45  4:11  Assimilator  
  45  4:16  Assimilator  
  45  4:18  Probe  
  45  4:20  Probe  
  45  4:24  Immortal  
  51  4:36  Probe x2  
  51  4:37  Gateway  
  51  4:38  Gateway  
  53  4:50  Probe  
  53  4:51  Probe  
  55  5:03  Observer  
  55  5:06  Stalker  
  56  6:00  Stalker x2  
  56  6:01  Stalker  
  62  6:25  Forge  
  62  6:27  Forge  
  62  6:28  Stalker x2  
  62  6:29  Stalker, Forge  
  68  6:33  Gateway  
  68  6:34  Gateway  
  68  6:35  Probe x3  
  68  6:37  Gateway  
  71  7:00  Probe x2  
  71  7:01  Probe  
  69  7:09  Stalker  
  69  7:10  Stalker x2  
  65  7:22  Probe x3  
  68  7:28  Immortal  
  72  7:39  Cybernetics Core  
  72  7:45  Protoss Ground Armor Level 1  
  72  7:50  Probe x3  
  75  7:59  Gateway  
  75  8:02  Gateway, Probe x3  
  75  8:04  Gateway  
  78  8:07  Gateway  
  78  8:09  Gateway  
  78  8:18  Pylon  
  78  8:22  Protoss Ground Weapons Level 1, Protoss Shields Level 1, Probe x2  
  78  8:23  Pylon, Probe  
  81  8:34  Assimilator, Probe  
  81  8:35  Probe x2  
  81  8:36  Twilight Council  
  81  8:38  Assimilator  
  84  8:47  Probe  
  85  8:55  Pylon  
  85  9:03  Pylon  
  85  9:07  Pylon  
  85  9:11  Pylon  
  85  9:13  Pylon  
  85  9:14  Probe  
  85  9:15  Probe x2  
  88  9:26  Probe  
  88  9:27  Probe x2  
  88  9:31  Protoss Air Weapons Level 1, Blink  
  91  9:40  Stargate  
  91  9:42  Stargate  
  91  9:44  Stargate  
  91  9:54  Stalker  
  91  9:55  Stalker x2, Nexus  
  91  9:56  Stalker x3  
  91  9:57  Stalker x4  
  91  9:58  Pylon  
  111  10:01  Pylon  
  111  10:06  Probe x3  
  114  10:33  Fleet Beacon  
  112  10:45  Stalker x4  
  112  10:46  Stalker x4  
  112  10:47  Stalker x2  
  131  11:09  Anion Pulse-Crystals  
  105  11:13  Phoenix  
  105  11:14  Phoenix x2  
  109  11:38  Phoenix x2  
  109  11:39  Phoenix  
  115  11:40  Probe x3  
  115  11:41  Nexus  
  115  11:43  Pylon  
  118  11:48  Pylon  
  118  11:52  Probe x2  
  118  11:53  Probe  
  109  12:03  Phoenix x2  
  109  12:04  Phoenix  
  47  13:24  Forge  
Show
View Real Time Build Order
Export as new Build Order

tigro Terran 

Build Orders:  

Get SALT Encoding   

  12  0:03  SCV  
  13  0:15  SCV  
  14  0:23  Supply Depot  
  14  0:27  SCV  
  15  0:37  Refinery  
  15  0:45  SCV  
  15  0:48  Barracks  
  16  1:00  SCV  
  17  1:12  SCV  
  17  1:13  Refinery  
  18  1:24  SCV  
  19  1:27  Supply Depot  
  19  1:36  Marine, SCV  
  21  1:48  SCV  
  21  1:53  Barracks  
  22  1:54  Marine  
  22  2:00  SCV  
  24  2:12  Marine  
  24  2:13  SCV  
  26  2:30  Marine  
  26  2:34  Orbital Command  
  27  2:41  Engineering Bay  
  27  2:42  Factory  
  27  2:46  Barracks Reactor  
  27  2:47  Marine  
  28  3:06  Barracks Tech Lab  
  28  3:27  Factory Tech Lab  
  28  3:41  Starport  
  28  3:44  Combat Shield  
  28  3:48  Terran Infantry Weapons Level 1  
  28  4:04  Marine x3  
  31  4:22  Marine x3  
  31  4:23  Siege Tank  
  37  4:39  Marine  
  37  4:40  Marine  
  39  4:57  Command Center  
  39  4:59  Marine x3  
  42  5:03  Stimpack  
  42  5:17  Marine  
  43  5:34  Marine  
  44  5:43  Terran Infantry Armor Level 1  
  44  5:50  Medivac  
  46  6:11  Refinery  
  37  6:59  SCV  
  38  7:09  SCV  
  38  7:11  SCV  
  38  7:12  Starport Tech Lab  
  40  7:21  SCV  
  41  7:23  SCV  
  42  7:33  SCV  
  42  7:35  Refinery, SCV  
  44  7:38  Siege Tank  
  44  7:41  Medivac  
  49  7:44  Hi-Sec Auto Tracking  
  49  7:45  SCV  
  49  7:47  SCV  
  51  7:56  Fusion Core  
  51  7:57  SCV  
  52  8:07  SCV  
  52  8:10  Siege Tank  
  52  8:11  Medivac  
  58  8:19  SCV  
  59  8:31  SCV  
  60  8:41  Neosteel Armor  
  60  8:43  SCV  
  60  8:45  Weapon Refit  
  60  8:46  Armory  
  61  8:55  SCV  
  62  9:20  Supply Depot  
  62  9:42  Marine x3, Siege Tank, SCV  
  62  9:43  Supply Depot  
  70  9:45  Battlecruiser  
  66  9:54  SCV  
  66  9:59  Marine x3  
  67  10:06  Supply Depot, SCV  
  71  10:17  Marine x2  
  71  10:18  SCV  
  74  10:21  Terran Infantry Weapons Level 2  
  74  10:30  SCV  
  75  10:42  SCV  
  76  10:46  Missile Turret  
  76  10:54  SCV  
  77  11:06  Missile Turret  
  77  11:07  SCV  
  77  11:09  Terran Vehicle Weapons Level 1  
  78  11:19  SCV  
  79  11:26  Missile Turret  
  79  11:31  SCV  
  80  11:46  Missile Turret  
  80  12:00  SCV  
  81  12:08  Missile Turret  
  81  12:12  SCV  
  82  12:24  SCV  
  82  12:26  Battlecruiser  
  82  12:28  Missile Turret  
  80  12:36  SCV  
  75  12:37  Terran Infantry Armor Level 2  
  75  12:48  SCV  
  75  12:49  Missile Turret  
  52  13:04  Terran Vehicle And Ship Armor Level 1  
  43  13:06  Marine x3  
  43  13:08  Thor  
  43  13:11  Missile Turret  
  50  13:23  Marine  
  50  13:24  Marine x2  
  53  13:27  Planetary Fortress  
  53  13:30  Battlecruiser  
  50  13:41  Marine  
  50  13:51  Thor  
  54  13:59  Marine  
  37  14:17  Marine  
Show
View Real Time Build Order
Export as new Build Order

MrFercho Zerg 

Build Orders: Hatch First 

Get SALT Encoding   

  12  0:01  Drone  
  13  0:17  Overlord  
  13  0:22  Drone  
  14  0:35  Drone x2  
  16  0:41  Drone  
  17  0:59  Drone  
  17  1:00  Hatchery  
  17  1:15  Spawning Pool  
  17  1:16  Drone  
  17  1:22  Drone  
  17  1:23  Drone  
  19  1:35  Overlord  
  19  1:51  Drone  
  20  1:57  Extractor, Drone  
  20  2:02  Queen  
  20  2:06  Overlord  
  22  2:15  Queen  
  22  2:18  Drone x2  
  26  2:23  Drone  
  26  2:26  Drone  
  28  2:33  Drone  
  28  2:36  Drone  
  30  2:46  Drone  
  30  2:47  Extractor, Drone  
  31  3:00  Lair  
  31  3:03  Queen  
  31  3:04  Drone x2  
  35  3:12  Roach Warren, Drone x2  
  36  3:20  Drone  
  36  3:21  Drone x2  
  36  3:22  Drone  
  40  3:28  Overlord x2  
  40  3:30  Drone  
  40  3:32  Drone  
  42  3:38  Drone x2  
  44  3:46  Evolution Chamber  
  43  3:54  Extractor  
  42  3:58  Extractor  
  42  4:02  Roach x6  
  53  4:09  Drone x3  
  56  4:11  Drone  
  57  4:18  Drone  
  58  4:30  Zerg Missile Weapons Level 1  
  58  4:37  Hatchery  
  57  4:39  Drone x3  
  60  4:46  Overlord x3  
  60  5:12  Spore Crawler  
  59  5:15  Spine Crawler  
  59  5:18  Spine Crawler  
  59  5:20  Roach x3  
  59  5:21  Roach x2  
  67  5:22  Roach  
  67  5:28  Drone x5  
  74  5:58  Hydralisk Den  
  73  6:23  Drone x12  
  73  6:24  Spore Crawler  
  82  6:28  Muscular Augments, Spore Crawler  
  82  6:30  Spine Crawler x2  
  79  6:50  Overlord x4  
  79  6:51  Overlord  
  79  6:54  Hydralisk x5  
  89  7:15  Hydralisk x6  
  91  7:16  Hydralisk  
  103  7:27  Drone  
  103  7:28  Drone x5  
  109  7:39  Grooved Spines  
  109  7:51  Extractor  
  108  7:52  Zerg Missile Weapons Level 2, Extractor  
  107  8:03  Nydus Network  
  107  8:04  Hydralisk  
  107  8:05  Hydralisk x8  
  116  8:06  Hydralisk  
  126  8:21  Overlord x4  
  126  9:15  Hatchery  
  125  9:19  Overlord  
  125  9:20  Overlord x4, Hatchery  
  125  9:22  Drone x5  
  125  9:23  Drone x3  
  132  9:43  Hydralisk x6  
  144  9:54  Overseer  
  144  10:19  Spire  
  143  10:33  Nydus Canal  
  143  10:43  Overseer  
  143  11:14  Hydralisk x18  
  143  11:15  Hydralisk x9  
  143  11:17  Overlord  
  197  11:34  Extractor x2  
  195  11:43  Drone x4  
  195  11:44  Drone  
  198  12:14  Mutalisk  
  198  12:15  Mutalisk  
  176  12:34  Hydralisk x19  
  176  12:35  Hydralisk x7  
  176  12:36  Hydralisk x4  
  142  12:47  Hydralisk x4  
  93  13:48  Hatchery  
  92  13:49  Zergling x2  
  92  13:50  Zergling x24  
  83  14:13  Overlord x4  
  83  14:14  Overlord x4  
  71  14:25  Spire  
  71  14:27  Hydralisk Den  
Tags
 
Add a new tag
Caveats
  • Supply blocks, unpowered buildings, or Contaminate may cause inaccurate times.
  • Supply counts are checked every 10 seconds.